 Dungeon Crawl Stone Soup version 0.32-a0-120-gfac0567ad4 (webtiles) character file.

Game seed: 17490464817510706011

1 Bravepunisher the Ducker (level 1, -3/11 HPs)
             Began as a Spriggan Monk on Feb 6, 2024.
             Slain by a gnoll
             ... wielding a +0 spear
              (8 damage)
             ... on level 4 of the Dungeon.
             The game lasted 00:01:59 (445 turns).

Bravepunisher the Ducker (Spriggan Monk)             Turns: 445, Time: 00:02:00

Health: -3/11      AC:  2    Str:  7    XL:     1   Next: 16%
Magic:  2/2        EV: 18    Int: 11    God:
Gold:   24         SH:  0    Dex: 17    Spells: 0/0 levels left

rFire   . . .        a - +0 short sword
rCold   . . .        (no shield)
rNeg    . . .        b - +0 robe
rPois   .            (helmet restricted)
rElec   .            (no cloak)
rCorr   .            (gloves unavailable)
SInv    +            (boots unavailable)
Will    .....        (no amulet)
Stlth   +            (no ring)
HPRegen 0.21/turn    (no ring)
MPRegen 0.08/turn

%: no passive effects
@: confused, ambrosia-drunk, very quick
A: very small, no large weapons, unfitting armour, see invisible, speed 3
a: no special abilities


You were on level 4 of the Dungeon.
You visited 1 branch of the dungeon, and saw 4 of its levels.

You collected 24 gold pieces.

Inventory:

Hand Weapons
 a - a +0 short sword (weapon)
Armour
 b - a +0 robe (worn)
Wands
 d - a wand of acid (7)
 e - a wand of mindburst (14)


   Skills:
 + Level 2.4 Fighting
 - Level 3.2 Short Blades
 * Level 4.1 Dodging


You couldn't memorise any spells.
You didn't know any spells.
Your spell library was empty.

Dungeon Overview and Level Annotations

Branches:
Dungeon (4/15)
 Temple: D:4-7

Altars:


Innate Abilities, Weirdness & Mutations

You are very small and have problems with some larger weapons.
You are too small for most types of armour.
You have supernaturally acute eyesight. (SInv)
You cover ground extremely quickly. (Speed+++)


Message History

A lemure comes into view.
The lemure shouts!
You hear a shout! x3
A lemure comes into view.
The endoplasm quivers.
A gnoll comes into view. It is wielding a +0 flail.
The gnoll moves out of view.
The gnoll barely misses you. The gnoll attacks as it pursues you!
The gnoll completely misses you.
A gnoll comes into view. It is wielding a +0 spear.
The gnoll barely misses you.
Okay, then.
You hit the gnoll but do no damage. The gnoll barely misses you.
You barely miss the gnoll. The gnoll hits you with a +0 spear.
You hit the gnoll.
The gnoll is heavily wounded.
You hit the gnoll but do no damage.
The gnoll is heavily wounded.
The gnoll completely misses you.
You hit the gnoll but do no damage.
The gnoll is heavily wounded.
The gnoll hits you with a +0 spear. The gnoll hits you with a +0 flail.
* * * LOW HITPOINT WARNING * * *
You are confused.
You feel invigorated. The gnoll hits you with a +0 spear.
* * * LOW HITPOINT WARNING * * *
The gnoll closely misses you.
Unknown command.
You bump into the rock wall.
The gnoll hits you with a +0 spear.
* * * LOW HITPOINT WARNING * * *
The gnoll misses you.
You hit the gnoll.
The gnoll is heavily wounded.
The gnoll hits you with a +0 spear.
* * * LOW HITPOINT WARNING * * *
The gnoll completely misses you.
You hit the gnoll but do no damage.
The gnoll is heavily wounded.
The gnoll hits you with a +0 spear!
Ouch! That really hurt!
You die...

..
....#####
......g.#
#@# #g# #g#
#J#
#5#########
#.#.<.....#
#5#.#####.#
#.#.#####.#
#......##.#


You could see 2 lemures, 3 gnolls and an endoplasm.

Vanquished Creatures
  A ball python (D:3)
  A bat (D:3)
2 creatures vanquished.

Notes
Turn   | Place    | Note
-------+----------+-------------------------------------------
     0 | D:1      | Bravepunisher the Spriggan Monk began the quest for the
                  | Orb.
     0 | D:1      | Reached XP level 1. HP: 11/11 MP: 2/2
    90 | D:2      | Noticed an orc priest
   415 | D:4      | Noticed a lemure
   416 | D:4      | Noticed a lemure
   445 | D:4      | Slain by a gnoll

Illustrated notes

Levels and vault maps discovered:
D:1:      wander_arrival_peaceful_grave, layout_basic
D:2:      layout_rooms, serial_shops, shop, nicolae_wormholes
D:3:      layout_loops_ring, basic_ecumenical_altar, serial_bayou,
          serial_bayou_pond_c, serial_bayou_ford_a, serial_bayou_lake_a,
          serial_bayou_lagoon_b
D:4:      layout_loops_ring, ebering_ghost_sewer_d, uniq_sigmund, uniq_ijyb,
          uniq_pikel, uniq_duvessa

Action                     || total
---------------------------++-------
  Melee: Short sword       ||    18
    Use: Potion            ||     1
 Armour: Robe              ||    11
  Dodge: Dodged            ||    40

Table legend: (Time is in decaauts)
 A = Elapsed time spent in this place.
 B = Non-inter-level travel time spent in this place.
 C = Inter-level travel time spent in this place.
 D = Time resting spent in this place.
 E = Time spent auto-exploring this place.
 F = Levels seen in this place.
 G = Mean time per level.
                   A        B        C        D        E       F      G
               +--------+--------+--------+--------+--------+-----+--------+
         Total |    288 |    288 |      0 |      0 |    100 |   4 |   72.0 |
       Dungeon |    288 |    288 |      0 |      0 |    100 |   4 |   72.0 |
               +--------+--------+--------+--------+--------+-----+--------+

Top non-repeatable levels by time:
     D:1: 121 daAuts
     D:3: 103 daAuts
     D:2: 31 daAuts
     D:4: 31 daAuts
